 Dungeon Crawl Stone Soup version 0.20-a0-927-g1ae2c61 (webtiles) character file.

48491 nikopol the Severer (level 14, -3/127 HPs)
             Began as a Minotaur Berserker on Mar 29, 2017.
             Was a High Priest of Trog.
             Slain by an eight-headed hydra (4 damage)
             ... on level 6 of the Lair of Beasts.
             The game lasted 00:45:22 (19050 turns).

nikopol the Severer (Minotaur Berserker)           Turns: 19050, Time: 00:45:23

Health: -3/127     AC: 16    Str: 23    XL:     14   Next: 12%
Magic:  13/13      EV: 15    Int:  4    God:    Trog [*****.]
Gold:   694        SH:  0    Dex: 14    Spells: 13/13 levels left

rFire    . . .     SeeInvis .   a - +2 war axe (freeze)
rCold    . . .     Gourm    .   (no shield)
rNeg     . . .     Faith    .   T - +0 chain mail {MR+}
rPois    +         Spirit   .   (helmet restricted)
rElec    .         Reflect  .   (no cloak)
rCorr    .         Harm     .   H - +0 pair of gloves
MR       +++..                  q - +1 pair of boots
Stlth    ..........             (no amulet)
Regen    0.4/turn               i - ring of protection from magic
MPRegen  0.2/turn               l - ring of poison resistance

@: no status effects
A: retaliatory headbutt, horns 2
a: Berserk, Trog's Hand, Brothers in Arms, Burn Spellbooks, Renounce Religion


You were on level 6 of the Lair of Beasts.
You worshipped Trog.
Trog was extremely pleased with you.
You were hungry.

You visited 2 branches of the dungeon, and saw 15 of its levels.

You collected 694 gold pieces.

Inventory:

Hand Weapons
 a - a +2 war axe of freezing (weapon)
 z - a +4 longbow of freezing
 U - a +2 hand axe of holy wrath
Missiles
 d - 209 arrows (quivered)
Armour
 q - a +1 pair of boots (worn)
 H - a +0 pair of gloves (worn)
 Q - the +3 ring mail of Lask {+Blink rN+ Str+3 Int-4}
   (You found it on level 9 of the Dungeon)

   It affects your strength (+3).
   It affects your intelligence (-4).
   It protects you from negative energy.
   It lets you blink.
 T - a +0 chain mail of magic resistance (worn)
Jewellery
 i - a ring of protection from magic (left hand)
 l - a ring of poison resistance (right hand)
 J - an uncursed ring of protection from cold
Wands
 h - a wand of enslavement (5/24)
 s - a wand of paralysis (11/24)
 y - a wand of digging (12/24)
 B - a wand of lightning (7/15)
 I - a wand of confusion (27/48)
 N - a wand of digging (2/24)
Scrolls
 e - 4 scrolls of teleportation
 g - 2 scrolls of recharging {unknown}
 m - 3 scrolls of fear
 o - a scroll of random uselessness {unknown}
 v - 2 scrolls of identify
 w - 2 scrolls of enchant weapon
 x - 2 scrolls of remove curse
 C - 2 scrolls of magic mapping
 G - a scroll of enchant armour
 X - a scroll of fog
Potions
 f - 6 potions of agility
 n - 7 potions of curing
 p - a potion of ambrosia
 r - 2 potions of berserk rage {unknown}
 t - 4 potions of brilliance
 u - 3 potions of heal wounds
 A - a potion of degeneration
 D - 3 potions of might
 F - 2 potions of flight
 K - a potion of magic {unknown}
Comestibles
 b - 3 royal jellies
 c - 12 bread rations
 j - 12 fruits
 k - 9 meat rations


   Skills:
 + Level 12.7 Fighting
 * Level 15.2 Axes
 * Level 12.1 Bows
 + Level 12.4 Armour
 + Level 11.7 Dodging


You had 13 spell levels left.
You didn't know any spells.

Dungeon Overview and Level Annotations

Branches:
Dungeon (9/15)             Temple (0/1) D:5            Lair (6/6) D:9
 Shoals (0/4) Lair:3        Snake (0/4) Lair:4        Slime (0/5) Lair:5
    Orc: D:9-12

Altars:
Cheibriados
Zin
Jiyva

Shops:
D:5 *


Innate Abilities, Weirdness & Mutations

You reflexively headbutt those who attack you in melee.
You have a pair of horns on your head.


Message History

The eight-headed hydra misses you. The eight-headed hydra bites you!
* * * LOW HITPOINT WARNING * * *
The eight-headed hydra bites you but does no damage.
The eight-headed hydra misses you.
Wield which item (- for none, * to show all)? (? for menu, Esc to quit)
You are already wielding that!
You feel much better. The tyrant leech bites you!
* * * LOW HITPOINT WARNING * * *
The tyrant leech draws strength from your injuries!
The eight-headed hydra completely misses you.
You furiously retaliate!
You headbutt the eight-headed hydra!
The eight-headed hydra bites you but does no damage.
The eight-headed hydra bites you.
* * * LOW HITPOINT WARNING * * *
The eight-headed hydra bites you!
* * * LOW HITPOINT WARNING * * *
The eight-headed hydra bites you!
* * * LOW HITPOINT WARNING * * *
The eight-headed hydra bites you.
You die...

######≈≈..≈(≈≈≈≈≈≈≈P≈....#
####..≈≈≈≈≈≈≈≈≈≈≈≈≈≈≈≈≈≈≈.###
##≈.≈P≈≈P≈≈#≈≈≈≈≈≈≈≈P≈≈≈≈...P#
≈≈≈≈≈≈≈≈≈≈≈####≈≈≈≈≈≈≈≈≈......
≈≈≈≈≈≈≈P≈≈###P≈≈≈≈P≈≈≈P≈......
.≈≈≈≈≈≈≈≈###≈≈≈≈≈≈≈≈≈≈≈.≈.....
.≈≈≈≈≈≈≈≈≈≈#≈≈≈≈≈≈†≈≈≈≈P.≈...#
≈....P≈≈≈≈≈≈≈≈≈wD≈≈≈........##
P....P.≈.≈≈≈≈≈≈.@....###P.###
.P..≈..≈≈........##### #.#
#..#.≈#..P.P..##### ##
######............#
##.P........## ## ###....<.).#
.######.......####
....##.#.......#
...##.........###


You could see an eight-headed hydra and a tyrant leech.

Vanquished Creatures
  Josephine (Lair:5)
  3 hydras
  A two-headed ogre (D:5)
  6 death yaks
  Urug (Lair:4)
  The ghost of Malvoorn the Cleaver, a novice DsAK of Lugonu (D:8)
  Pikel (D:5)
  A lindwurm (Lair:6)
  6 elephants (Lair:6)
  The ghost of Hasart the Zephyrmancer, a novice OpAE of Gozag (D:6)
  Joseph (D:8)
  21 spiny frogs
  9 black mambas
  Psyche (D:8)
  6 komodo dragons
  A rime drake (Lair:3)
  5 polar bears
  A troll (D:8)
  Grinder (D:6)
  41 blink frogs
  A tyrant leech (Lair:6)
  13 dream sheep
  5 hippogriffs
  A wyvern (Lair:5)
  4 yaks (Lair:1)
  4 wraiths (Lair:5)
  Eustachio (D:6)
  3 basilisks
  2 hungry ghosts (D:7)
  3 wargs (D:9)
  6 vampire mosquitoes
  5 swamp worms (Lair:3)
  Edmund (D:5)
  4 nagas (Lair:4)
  12 porcupines
  15 water moccasins
  A sky beast (D:6)
  5 orc warriors
  2 ice beasts
  A black bear (D:8)
  5 ogres
  7 wolves
  5 crocodiles
  4 centaurs
  18 bullfrogs
  2 wyvern skeletons (D:7)
  4 scorpions
  10 killer bees
  3 jellies
  3 electric eels
  A howler monkey (D:5)
  2 bullfrog zombies
  4 crimson imps
  3 hounds
  14 orc priests
  Ijyb (D:5)
  5 iguanas
  6 worker ants
  10 orc wizards
  A hound zombie (D:7)
  A worker ant zombie (D:5)
  8 gnolls
  7 adders
  2 shadow imps (D:7)
  2 oozes
  An adder skeleton (D:3)
  3 dart slugs
  13 worms (Lair:3)
  3 leopard geckos
  33 orcs
  2 ball pythons
  5 giant cockroaches
  A goblin (D:1)
  7 hobgoblins
  14 jackals
  4 quokkas
  8 bats
  A frilled lizard (D:1)
  3 kobolds
  A leopard gecko zombie (D:5)
  2 quokka zombies
  4 rats
  4 fungi
  6 plants
441 creatures vanquished.

Vanquished Creatures (collateral kills)
  A spiny frog (Lair:1)
1 creature vanquished.

Vanquished Creatures (others)
  3 slaves (D:5)
  A phantom (D:5)
  Blork the orc (D:5)
  An orc priest (D:9)
  An iguana (D:5)
  A worker ant (D:5)
  An adder (D:5)
  A bush (Lair:6)
  24 fungi
  62 plants
96 creatures vanquished.

Grand Total: 538 creatures vanquished

Notes
Turn   | Place    | Note
-------+----------+-------------------------------------------
     0 | D:1      | nikopol the Minotaur Berserker began the quest for the Orb.
     0 | D:1      | Reached XP level 1. HP: 19/19 MP: 0/0
    89 | D:1      | Reached XP level 2. HP: 22/27 MP: 1/1
   569 | D:1      | Reached skill level 4 in Axes
   850 | D:2      | Reached XP level 3. HP: 33/33 MP: 2/2
  1070 | D:2      | Reached ** piety under Trog
  1429 | D:2      | Reached XP level 4. HP: 30/40 MP: 3/3
  1594 | D:3      | Reached XP level 5. HP: 38/47 MP: 4/4
  1781 | D:3      | Found a snail-covered altar of Cheibriados.
  1850 | D:3      | Reached skill level 5 in Axes
  2190 | D:4      | Reached *** piety under Trog
  2272 | D:4      | Reached skill level 5 in Fighting
  2272 | D:4      | Reached XP level 6. HP: 22/56 MP: 5/5
  2294 | D:4      | HP: 3/84 [poisoned by an adder]
  2755 | D:4      | Reached skill level 5 in Armour
  2967 | D:4      | Reached XP level 7. HP: 62/62 MP: 6/6
  3222 | D:5      | Entered Level 5 of the Dungeon
  3240 | D:5      | Reached skill level 6 in Axes
  3262 | D:5      | Noticed Pikel
  3268 | D:5      | Noticed Blork the orc
  3277 | D:5      | Killed Pikel
  3277 | D:5      | Reached skill level 7 in Axes
  3277 | D:5      | Reached skill level 5 in Dodging
  3277 | D:5      | Reached XP level 8. HP: 46/71 MP: 7/7
  3287 | D:5      | Killed Blork the orc
  3588 | D:5      | Found Unej's Assorted Antiques.
  3811 | D:5      | Noticed a two-headed ogre
  3827 | D:5      | Killed a two-headed ogre
  3827 | D:5      | Reached skill level 8 in Axes
  3827 | D:5      | Reached XP level 9. HP: 81/81 MP: 8/8
  4109 | D:5      | Reached **** piety under Trog
  4214 | D:5      | Noticed Ijyb
  4216 | D:5      | Found a staircase to the Ecumenical Temple.
  4216 | D:5      | Paralysed by Ijyb for 7 turns
  4218 | D:5      | Noticed Edmund
  4235 | D:5      | Killed Ijyb
  4243 | D:5      | Killed Edmund
  4695 | D:6      | Noticed Grinder
  4695 | D:6      | Noticed Hasart's ghost (novice OpAE)
  4705 | D:6      | Killed Hasart's ghost
  4709 | D:6      | Killed Grinder
  4797 | D:6      | Found a glowing silver altar of Zin.
  4812 | D:6      | Reached skill level 9 in Axes
  4912 | D:6      | Noticed Eustachio
  4925 | D:6      | Killed Eustachio
  5358 | D:7      | Reached XP level 10. HP: 83/91 MP: 9/9
  5419 | D:7      | Reached skill level 1 in Bows
  6215 | D:8      | Reached ***** piety under Trog
  6284 | D:8      | Noticed Psyche
  6293 | D:8      | Killed Psyche
  6293 | D:8      | Reached skill level 10 in Axes
  6359 | D:8      | Noticed Malvoorn's ghost (novice DsAK)
  6369 | D:8      | Killed Malvoorn's ghost
  6882 | D:8      | Noticed Joseph
  6897 | D:8      | Killed Joseph
  6897 | D:8      | Reached skill level 10 in Fighting
  7451 | D:9      | Reached skill level 5 in Bows
  7644 | D:9      | Got an obsidian-encrusted ring mail
  7655 | D:9      | Identified the +3 ring mail of Lask {+Blink rN+ Str+3 Int-4} (You found it on level 9 of the Dungeon)
  7655 | D:9      | Lost intelligence.
  7781 | D:9      | Found a staircase to the Lair.
  7804 | D:9      | Reached skill level 10 in Armour
  7804 | D:9      | Reached XP level 11. HP: 99/99 MP: 10/10
  8142 | D:9      | Reached skill level 11 in Axes
  8560 | D:9      | Received a gift from Trog
  8794 | Lair:1   | Entered Level 1 of the Lair of Beasts
  9418 | Lair:1   | Noticed a four-headed hydra
  9423 | Lair:1   | Killed a four-headed hydra
 10511 | Lair:3   | Noticed a seven-headed hydra
 10516 | Lair:3   | Killed a seven-headed hydra
 10516 | Lair:3   | Reached skill level 12 in Axes
 11243 | Lair:3   | Found a staircase to the Shoals.
 11275 | Lair:3   | Reached XP level 12. HP: 110/110 MP: 11/11
 12061 | Lair:3   | Received a gift from Trog
 12473 | Lair:3   | Reached skill level 10 in Dodging
 12854 | Lair:4   | Noticed Urug
 12864 | Lair:4   | Killed Urug
 13332 | Lair:4   | Reached skill level 13 in Axes
 13482 | Lair:4   | Found a staircase to the Snake Pit.
 14073 | Lair:5   | Found a staircase to the Slime Pits.
 14074 | Lair:5   | Found a viscous altar of Jiyva.
 14158 | Lair:5   | Received a gift from Trog
 14623 | Lair:5   | Noticed a five-headed hydra
 14630 | Lair:5   | Killed a five-headed hydra
 14741 | Lair:5   | Noticed Josephine
 14746 | Lair:5   | Killed Josephine
 14746 | Lair:5   | Reached skill level 10 in Bows
 14930 | Lair:5   | Received a gift from Trog
 14932 | Lair:5   | Reached XP level 13. HP: 105/117 MP: 12/12
 15077 | Lair:6   | Entered Level 6 of the Lair of Beasts
 15497 | Lair:5   | Reached skill level 14 in Axes
 16233 | Lair:6   | Received a gift from Trog
 16775 | Lair:6   | Received a gift from Trog
 17127 | Lair:6   | Received a gift from Trog
 18031 | Lair:6   | Reached skill level 15 in Axes
 18285 | Lair:6   | Reached XP level 14. HP: 119/127 MP: 13/13
 19050 | Lair:6   | HP: 1/127 [eight-headed hydra (10)]
 19050 | Lair:6   | Slain by an eight-headed hydra

Vault maps used:
D:1:      lightli_arrival_statuegarden, interstate_on_off
D:2:      minmay_misc_feat_encased, hangedman_abyss_or_decor_lesser_grid,
          minmay_misc_feat_hallway, corexii_shack
D:3:      kennysheep_slug_shrine
D:4:      first_bread
D:5:      kennysheep_big_flooded_room, minmay_temple_entry_hall, serial_shops,
          shop, st_stairs_12, bh_walls_and_bars, uniq_edmund, uniq_pikel,
          uniq_iyjb, uniq_blork_the_orc
D:6:      basic_altar, kennysheep_decorative_pillar, uniq_grinder,
          uniq_eustachio
D:7:      grunt_ogre_cave, wad_rectangle_vault
D:8:      uniq_psyche, uniq_joseph
D:9:      erik_lair_orcish_takeover
Lair:3:   elwin_shoals_entry_rooms, worms_lemuel, grunt_megastairs_4
Lair:4:   minmay_snake_entry_guardpost_medium, grunt_megastairs_5, uniq_urug
Lair:5:   slime_altar_1, uniq_josephine
Lair:6:   minmay_lair_end_frog_pond, lookout_lair_type

Skill      XL: |  1  2  3  4  5  6  7  8  9 10 11 12 13 |
---------------+----------------------------------------+-----
Axes           | 4 5 7 8 9 10 12 13 15 | 15.2
Armour         | 3 4 5 6 7 9 10 11 12 | 12.4
Fighting       | 4 5 6 7 9 10 11 12 | 12.7
Dodging        | 3 4 5 6 8 9 10 11 | 11.7
Bows           | 5 8 10 12 | 12.1

Action                   |  1- 3 |  4- 6 |  7- 9 | 10-12 | 13-15 || total
-------------------------+-------+-------+-------+-------+-------++-------
Melee: Hand axe          |    47 |       |       |       |       ||    47
       Headbutt          |     9 |    28 |    37 |    85 |    68 ||   227
       War axe           |     5 |   111 |   155 |   423 |   253 ||   947
 Fire: Shortbow          |       |       |       |   188 |       ||   188
       Longbow           |       |       |       |   203 |   131 ||   334
Invok: Berserk           |     1 |     2 |     4 |     3 |     2 ||    12
  Use: Scroll            |       |       |     7 |    17 |       ||    24
       Potion            |       |       |       |       |     1 ||     1
 Stab: Sleeping          |     1 |       |       |       |       ||     1
  Eat: Chunk             |     2 |     6 |    12 |    36 |    15 ||    71
       Fruit             |       |       |       |     2 |     1 ||     3
Armor: Animal skin       |    10 |       |       |       |       ||    10
       Ring mail         |       |    40 |    15 |       |       ||    55
       Chain mail        |       |       |    28 |   221 |   132 ||   381
Dodge: Dodged            |    36 |    67 |    97 |   304 |   184 ||   688
